 Dungeon Crawl Stone Soup version 0.19-a0-1704-gbd66c22 (webtiles) character file.

4306 KristoblXynda the Covert (level 10, -8/44 HPs)
             Began as a Spriggan Enchanter on Sept 27, 2016.
             Was a Believer of Ashenzari.
             Shot with an arrow by a centaur (11 damage)
             ... on level 8 of the Dungeon.
             The game lasted 00:21:22 (8818 turns).

KristoblXynda the Covert (Spriggan Enchanter)       Turns: 8818, Time: 00:21:22

Health: -8/44      AC:  5    Str:  4    XL:     10   Next: 11%
Magic:  2/20       EV: 21    Int: 21    God:    Ashenzari [**....]
Gold:   438        SH:  0    Dex: 18    Spells: 2 memorised, 17 levels left

rFire  . . .     SeeInvis +     m - +4 dagger (curse)
rCold  . . .     Gourm    .     b - +2 robe (curse)
rNeg   . . .     Faith    .     (shield restricted)
rPois  +         Spirit   .     (helmet restricted)
rElec  .         Dismiss  .     (no cloak)
rCorr  .         Reflect  .     (gloves unavailable)
MR     +....     Harm     .     (boots unavailable)
Stlth  ++++++....               (no amulet)
                                n - +2 ring of dexterity (curse)
                                k - ring of poison resistance (curse)

@: very quick
A: unfitting armour, see invisible, herbivore 3, speed 3, slow metabolism 2
a: Curse Item, Scrying, Renounce Religion


You were on level 8 of the Dungeon.
You worshipped Ashenzari.
Ashenzari was pleased with you.
You were full.

You visited 2 branches of the dungeon, and saw 9 of its levels.

You collected 438 gold pieces.

Inventory:

Hand Weapons
 m - a cursed +4 dagger (weapon)
 s - a +2 dagger of venom
Armour
 b - a cursed +2 robe (worn)
 o - a +0 buckler
 t - a +1 robe of the Archmagi
Jewellery
 j - an uncursed ring of protection from cold
 k - a cursed ring of poison resistance (left hand)
 n - a cursed +2 ring of dexterity (right hand)
 u - an uncursed ring of protection from fire
Wands
 r - a wand of iceblast (0/15)
Scrolls
 a - 3 scrolls of amnesia
 l - 3 scrolls of teleportation
 p - 4 scrolls of remove curse
 w - 2 scrolls of recharging
 x - 3 scrolls of identify
 y - a scroll of fog
Potions
 e - a potion of haste
 f - 2 potions of heal wounds
 g - a potion of lignification
 h - a potion of magic
 i - 2 potions of might
 v - a potion of agility
Books
 c - a book of Maledictions

   Spells                             Type                      Level
   a - Corona                         Hexes                        1
   b - Ensorcelled Hibernation        Hexes/Ice                    2
   c - Confuse                        Hexes                        3
   d - Tukima's Dance                 Hexes                        3
   e - Dazzling Spray                 Conjuration/Hexes            3
Comestibles
 d - 4 bread rations
 q - 2 fruits


   Skills:
 - Level 7.0(9.3) Short Blades
 + Level 5.3 Dodging
 + Level 13.3 Stealth
 - Level 6.5 Spellcasting
 + Level 10.5(11.8) Hexes


You had 17 spell levels left.
You knew the following spells:

 Your Spells              Type           Power        Failure   Level  Hunger
b - Ensorcelled Hibernat  Hex/Ice        ####..       1%          2    None
c - Confuse               Hex            ######..     1%          3    #......


Dungeon Overview and Level Annotations

Branches:
Dungeon (8/15)             Temple (1/1) D:5
   Lair: D:8-11

Altars:
Ashenzari
Cheibriados
Dithmenos
Elyvilon
Fedhas
Gozag
Hepliaklqana
Kikubaaqudgha
Makhleb
Nemelex Xobeh
Okawaru
Qazlal
Ru
Sif Muna
Trog
Uskayaw
Vehumet
Xom
Zin
The Shining One


Innate Abilities, Weirdness & Mutations

You are very small and have problems with some larger weapons.
You are too small for most types of armour.
You have supernaturally acute eyesight. (SInv)
You are a herbivore.
You cover ground extremely quickly.
You need consume almost no food.


Message History

You closely miss the centaur.
The centaur is heavily wounded.
The centaur hits you!
* * * LOW HITPOINT WARNING * * *
You closely miss the centaur.
The centaur is heavily wounded.
The centaur barely misses you.
The centaur wields an uncursed shortbow.
The centaur shoots an arrow.
The arrow completely misses you.
The crimson imp blinks!
The crimson imp blinks!
The centaur shoots an arrow.
The arrow barely misses you.
You see here a bullfrog corpse.
The centaur shoots an arrow.
The arrow barely misses you.
The centaur shoots an arrow.
The arrow hits you!
* * * LOW HITPOINT WARNING * * *
The crimson imp blinks!
You see here an arrow.
The centaur shoots an arrow.
The arrow hits you!
You die...

####.##### #......#
** #..)...### ,
#........# ,
###......#....* ...
#..###.### ##. %..
#......#### * ....
#<.......(# ...,
#..@....#(####.#
#..((.#..Y..(..#.<.
#........>.........
#........##.#......,
#..(...†..c........
#...#.....§..##....
#....(.............
#...#..............
#####.........#....


You could see a yak and a centaur.

Vanquished Creatures
  Pikel (D:6)
  The ghost of Rationalist the Chopper, an amateur MiGl (D:4)
  A dream sheep (D:8)
  A yak (D:8)
  Sigmund (D:6)
  Menkaure (D:6)
  2 water moccasins
  2 orc warriors
  3 ice beasts
  2 phantoms (D:6)
  An ogre (D:4)
  5 centaurs
  2 big kobolds
  6 bullfrogs
  4 scorpions
  A water moccasin skeleton (D:7)
  A crimson imp (D:6)
  5 hounds
  A jelly (D:6)
  10 orc wizards
  3 orc priests
  Ijyb (D:2)
  2 iguanas (D:5)
  A worker ant (D:4)
  A howler monkey zombie (D:5)
  9 adders
  7 gnolls
  4 oozes
  An adder zombie (D:7)
  An adder skeleton (D:7)
  3 worms
  3 dart slugs
  A leopard gecko (D:4)
  29 orcs
  4 giant cockroaches
  5 goblins
  9 hobgoblins
  6 jackals
  13 kobolds
  8 quokkas
  2 ball pythons
  6 bats
  7 frilled lizards
  A jackal zombie (D:8)
  A quokka skeleton (D:5)
  13 rats
192 creatures vanquished.

Vanquished Creatures (others)
  An adder (D:7)
  An orc (D:6)
2 creatures vanquished.

Grand Total: 194 creatures vanquished

Notes
Turn   | Place    | Note
-------+----------+-------------------------------------------
     0 | D:1      | KristoblXynda the Spriggan Enchanter began the quest for the Orb.
     0 | D:1      | Reached XP level 1. HP: 9/9 MP: 5/5
   236 | D:1      | Reached XP level 2. HP: 13/13 MP: 7/7
   280 | D:1      | Learned a level 2 spell: Ensorcelled Hibernation
   400 | D:1      | Reached skill level 5 in Stealth
   839 | D:2      | Reached XP level 3. HP: 16/16 MP: 9/9
   850 | D:2      | Learned a level 3 spell: Confuse
   900 | D:2      | Found a snail-covered altar of Cheibriados.
   902 | D:2      | Found a shattered altar of Ashenzari.
  1118 | D:2      | Found a white marble altar of Elyvilon.
  1161 | D:2      | Noticed Ijyb
  1171 | D:2      | Killed Ijyb
  1171 | D:2      | Reached skill level 6 in Stealth
  1171 | D:2      | Reached XP level 4. HP: 17/21 MP: 6/11
  1345 | D:2      | Found a glowing silver altar of Zin.
  1466 | D:2      | Became a worshipper of Ashenzari the Shackled
  1841 | D:3      | Found an opulent altar of Gozag.
  1886 | D:3      | Found a deep blue altar of Sif Muna.
  1905 | D:3      | Reached XP level 5. HP: 20/24 MP: 8/12
  2526 | D:3      | You fall through a shaft for 2 floors!
  2526 | D:5      | Entered Level 5 of the Dungeon
  2545 | D:5      | Found a sparkling altar of Nemelex Xobeh.
  2563 | D:4      | Found a blossoming altar of Fedhas.
  2575 | D:4      | Reached skill level 7 in Stealth
  2650 | D:4      | Reached skill level 5 in Spellcasting
  2650 | D:4      | Reached skill level 5 in Hexes
  2979 | D:4      | Reached XP level 6. HP: 7/28 MP: 7/14
  3421 | D:3      | Reached * piety under Ashenzari
  3857 | D:4      | Noticed Rationalist's ghost (amateur MiGl)
  3930 | D:4      | Killed Rationalist's ghost
  3930 | D:4      | Reached skill level 8 in Stealth
  3930 | D:4      | Reached XP level 7. HP: 23/32 MP: 1/17
  4334 | D:4      | Found a bloodstained altar of Trog.
  4387 | D:4      | Found a hide-covered altar of Uskayaw.
  4738 | D:4      | Reached skill level 9 in Stealth
  5320 | D:5      | Reached XP level 8. HP: 23/36 MP: 11/18
  5592 | D:5      | Found a sacrificial altar of Ru.
  5690 | D:5      | Found a staircase to the Ecumenical Temple.
  5700 | Temple   | Entered the Ecumenical Temple
  5882 | D:5      | Reached skill level 10 in Stealth
  5978 | D:6      | Noticed Menkaure
  5991 | D:6      | Killed Menkaure
  6650 | D:6      | Reached skill level 11 in Stealth
  6668 | D:6      | Reached ** piety under Ashenzari
  6803 | D:6      | Noticed Sigmund
  6812 | D:6      | Killed Sigmund
  6812 | D:6      | Reached skill level 5 in Short Blades
  6904 | D:6      | Reached XP level 9. HP: 39/39 MP: 19/19
  6920 | D:6      | Noticed Pikel
  6928 | D:6      | Killed Pikel
  6928 | D:6      | Reached skill level 12 in Stealth
  7255 | D:7      | Identified the ring "Cozyrrida" {*Tele +Blink rPois Int-2 Stlth-}
  7676 | D:7      | Reached skill level 10 in Hexes
  7826 | D:7      | Found a shadowy altar of Dithmenos.
  8207 | D:8      | Reached skill level 13 in Stealth
  8235 | D:8      | Reached XP level 10. HP: 4/44 MP: 11/20
  8764 | D:8      | Reached skill level 5 in Dodging
  8818 | D:8      | Shot with an arrow by a centaur

Vault maps used:
D:1:      lightli_arrival_boilingwater
D:2:      grunt_temple_overflow_open, zin_treasury, elyvilon_altar_4,
          first_bread, uniq_iyjb
D:3:      lemuel_crystal_altar, led_sif_book
D:4:      eat_drink_and_be_merry_uskayaw, fedhas_altar_3,
          trog_three_pillars_becter
D:5:      nicolae_ru_sacrificial_ziggurat, lemuel_crystal_altar
D:6:      st_stairs_13, uniq_sigmund, uniq_menkaure, uniq_pikel
D:7:      nicolae_dithmenos_through_a_glass_darkly
D:8:      yredelemnul_altar_generic, hangedman_ranch
Temple:   dpeg_three_leaves_temple

Skill      XL: |  1  2  3  4  5  6  7  8  9 10 |
---------------+-------------------------------+-----
Spellcasting   | 3 4 5 6 |  6.5
Stealth        | 5 6 7 8 9 11 13 | 13.3
Hexes          | 4 5 6 7 8 10 | 10.5
Short Blades   | 2 5 7 |  7.0
Dodging        | 4 5 |  5.3

Action                   |  1- 3 |  4- 6 |  7- 9 | 10-12 || total
-------------------------+-------+-------+-------+-------++-------
Melee: Dagger            |   127 |   124 |   330 |    27 ||   608
 Cast: Ensorcelled Hiber |    12 |    23 |    34 |     2 ||    71
       Confuse           |       |    11 |    44 |    11 ||    66
Invok: Curse Item        |       |     2 |     2 |       ||     4
Evoke: Wand              |       |       |     1 |     2 ||     3
  Use: Scroll            |     2 |     6 |     8 |       ||    16
       Potion            |       |       |     5 |       ||     5
 Stab: Sleeping          |    22 |    28 |    39 |     1 ||    90
       Distracted        |       |     1 |     1 |       ||     2
       Confused          |       |     2 |    23 |     3 ||    28
  Eat: Pizza             |       |     1 |     1 |       ||     2
       Fruit             |       |       |     4 |       ||     4
       Bread ration      |       |       |       |     1 ||     1
Armor: Robe              |    31 |    16 |    38 |     2 ||    87
       Skin              |       |       |    11 |       ||    11
Dodge: Dodged            |   125 |    69 |   229 |    24 ||   447
